 Dungeon Crawl Stone Soup version 0.31-a0-152-g6aa68a64a1 (webtiles) character file.

Game seed: 998108868999332255

61 Atlas the Firebug (level 3, -2/36 HPs)
             Began as a Demonspawn Fire Elementalist on June 10, 2023.
             Slain by an ufetubus (3 damage)
             ... on level 3 of the Dungeon.
             The game lasted 00:02:38 (2675 turns).

Atlas the Firebug (Demonspawn Fire Elementalist)    Turns: 2675, Time: 00:02:38

Health: -2/36      AC:  2    Str:  8    XL:     3   Next: 83%
Magic:  1/7        EV: 12    Int: 18    God:
Gold:   106        SH:  4    Dex: 13    Spells: 4/7 levels left

rFire   . . .        c - +1 short sword (elec)
rCold   . . .        (no shield)
rNeg    . . .        a - +0 robe
rPois   .            (no helmet)
rElec   .            (no cloak)
rCorr   .            (no gloves)
SInv    .            (no boots)
Will    .....        (no amulet) Stlth
                     (no ring)
HPRegen 0.26/turn    (no ring)
MPRegen 0.10/turn

%: no passive effects
@: berserking, very quick
A: condensation shield
a: no special abilities


You were on level 3 of the Dungeon.
You visited 1 branch of the dungeon, and saw 3 of its levels.

You collected 106 gold pieces.

Inventory:

Hand Weapons
 c - a +1 short sword of electrocution (weapon)
Armour
 a - a +0 robe (worn)
Scrolls
 d - a scroll of teleportation {unknown}
 e - 2 scrolls of amnesia {unknown}
 f - a scroll of brand weapon {unknown}
 h - a scroll of magic mapping {unknown}
 l - a scroll of fog {unknown}
 m - 2 scrolls of identify {unknown}
 n - 3 scrolls of immolation {unknown}
Potions
 b - 2 potions of magic
 g - a potion of mutation {unknown}
 j - a potion of degeneration {unknown}
 k - a potion of haste {unknown}


   Skills:
 + Level 0.1 Short Blades
 + Level 2.2 Dodging
 + Level 1.9 Stealth
 + Level 2.7 Spellcasting
 + Level 1.3 Conjurations
 + Level 3.3 Fire Magic


You had 4 spell levels left.
You knew the following spells:

 Your Spells              Type           Power      Damage    Failure   Level
a - Scorch                Fire           28%        2d6       6%          2
b - Foxfire               Conj/Fire      44%        2x1d6     6%          1

Your spell library contained the following spells:

 Spells                   Type           Power      Damage    Failure   Level
 Inner Flame              Hex/Fire       8%         N/A       26%         3
 Volatile Blastmotes      Fire/Tloc      16%        2d11      26%         3
 Flame Wave               Conj/Fire      11%        2d6       54%         4


Dungeon Overview and Level Annotations

Branches:
Dungeon (3/15)

Altars:
Wu Jian


Innate Abilities, Weirdness & Mutations

A meltable shield of frost defends you. (SH +4)


Message History

Flames lash the jackal.
You kill the jackal!
The ufetubus barely misses you. The ufetubus hits you.
* * * LOW HITPOINT WARNING * * *
You barely miss the ufetubus. The ufetubus closely misses you.
The ufetubus hits you but does no damage.
Sorry, you're not good enough to have a special ability.
It was a potion of berserk rage.
A red film seems to cover your vision as you go berserk!
You feel yourself moving faster!
You feel mighty! The ufetubus hits you.
* * * LOW HITPOINT WARNING * * *
The ufetubus hits you.
* * * LOW HITPOINT WARNING * * *
The ufetubus hits you but does no damage.
You block the ufetubus's attack.
You closely miss the ufetubus. The giant cockroach barely misses you.
The ufetubus hits you.
* * * LOW HITPOINT WARNING * * *
You block the ufetubus's attack.
You closely miss the ufetubus.
The giant cockroach completely misses you.
The ufetubus closely misses you. x2
You closely miss the ufetubus. The giant cockroach barely misses you.
The ufetubus misses you. The ufetubus barely misses you.
You barely miss the giant cockroach. The ufetubus hits you.
* * * LOW HITPOINT WARNING * * *
You block the ufetubus's attack. The giant cockroach misses you.
You hit the giant cockroach but do no damage.
Lightning courses through the giant cockroach!
You kill the giant cockroach!
The ufetubus hits you.
* * * LOW HITPOINT WARNING * * *
The ufetubus hits you but does no damage.
You hit the ufetubus.
The ufetubus is moderately wounded.
You miss the ufetubus.
The ufetubus is moderately wounded.
The ufetubus closely misses you. You block the ufetubus's attack.
The ufetubus hits you.
You die...

#..#.######
.###..#.#####..
#...†...).....#
####..#.#####.#
#####.†#.# ..
#<..B.5#.#####.#
....##§##.#........
#.##....§##.#####.#
#..†.§..5@.#
#......§§§..#
#..##..§≈§..# #...
#........# #..
..........# #.
...._..##..#
.♣♣.....##..# ##
♣.........# .. ##


You could see an ufetubus.

Vanquished Creatures
  An ufetubus (D:3)
  A dart slug (D:1)
  8 ball pythons
  7 endoplasms
  2 giant cockroaches
  2 goblins
  5 hobgoblins
  3 jackals (D:3)
  4 quokkas
  3 bats
  4 frilled lizards
  6 kobolds
  2 rats (D:1)
48 creatures vanquished.

Vanquished Creatures (collateral kills)
  2 foxfires (D:1)
2 creatures vanquished.

Vanquished Creatures (others)
  83 foxfires (D:1)
83 creatures vanquished.

Grand Total: 133 creatures vanquished

Notes
Turn   | Place    | Note
-------+----------+-------------------------------------------
     0 | D:1      | Atlas the Demonspawn Fire Elementalist began the quest for
                  | the Orb.
     0 | D:1      | Reached XP level 1. HP: 13/13 MP: 3/3
   248 | D:1      | Gained mutation: A meltable shield of frost defends you.
                  | (SH +4) [demonic ancestry]
   248 | D:1      | Reached XP level 2. HP: 19/19 MP: 1/5
   506 | D:1      | Reached skill level 3 in Fire Magic
   900 | D:1      | Reached XP level 3. HP: 24/24 MP: 3/6
   903 | D:1      | Learned a level 2 spell: Scorch
  1701 | D:2      | Found a faded altar of an unknown god.
  2638 | D:3      | Found an ornate altar of the Wu Jian Council.
  2673 | D:3      | HP: 1/36 [ufetubus (3)]
  2675 | D:3      | Slain by an ufetubus

Illustrated notes

Levels and vault maps discovered:
D:1:      ncdulo_halloftheorcs, layout_basic, chequers_big_river
D:2:      layout_loops_corners, basic_ecumenical_altar
D:3:      layout_basic, nicolae_qazlal_style_of_elements,
          nicolae_wu_jian_wuxing_cycle, serial_shops, shop

Skill      XL: |  1  2 |
---------------+-------+-----
Dodging        | 2 |  2.2
Fire Magic     | 3 |  3.3
Short Blades   | |  0.1
Stealth        | |  1.9
Spellcasting   | |  2.7
Conjurations   | |  1.3

Action                     || total
---------------------------++-------
  Melee: Unarmed           ||     3
         Short sword       ||    24
   Cast: Foxfire           ||    47
         Scorch            ||    24
    Use: Potion            ||     1
 Armour: Robe              ||     7
  Dodge: Dodged            ||    35
  Block: Other             ||     9

Table legend: (Time is in decaauts)
 A = Elapsed time spent in this place.
 B = Non-inter-level travel time spent in this place.
 C = Inter-level travel time spent in this place.
 D = Time resting spent in this place.
 E = Time spent auto-exploring this place.
 F = Levels seen in this place.
 G = Mean time per level.
                   A        B        C        D        E       F      G
               +--------+--------+--------+--------+--------+-----+--------+
         Total |   2689 |   2629 |     60 |      0 |   2336 |   3 |  896.3 |
       Dungeon |   2689 |   2629 |     60 |      0 |   2336 |   3 |  896.3 |
               +--------+--------+--------+--------+--------+-----+--------+

Top non-repeatable levels by time:
     D:1: 1299 daAuts
     D:2: 1069 daAuts
     D:3: 319 daAuts
